 Dungeon Crawl Stone Soup version 0.28-a0-407-g69098e2f6d (webtiles) character file.

Game seed: 14480700767358073874

175 dolemite99 the Purveyor of Pain (level 5, -1/37 HPs)
             Began as a Gnoll Necromancer on Sept 5, 2021.
             Was an Initiate of Kikubaaqudgha.
             Slain by a kobold brigand (11 damage)
             ... on level 4 of the Dungeon.
             The game lasted 00:04:33 (2882 turns).

dolemite99 the Purveyor of Pain (Gnoll Necromancer) Turns: 2882, Time: 00:04:34

Health: -1/37      AC:  3    Str:  8    XL:     5   Next: 55%
Magic:  7/12       EV: 13    Int: 14    God:    Kikubaaqudgha [......]
Gold:   120        SH:  0    Dex: 13    Spells: 12/14 levels left

rFire   . . .      SeeInvis .   b - +0 dagger
rCold   + . .      Faith    .   (no shield)
rNeg    . . .      Spirit   .   f - +0 leather armour
rPois   .          Reflect  .   (no helmet)
rElec   .          Harm     .   (no cloak)
rCorr   +          Rampage  .   (no gloves)
Will    .....                   (no boots)
Stlth   ++........              (no amulet)
HPRegen 0.12/turn               d - ring of protection from cold
MPRegen 0.13/turn               t - ring of resist corrosion

@: no status effects
A: fangs 1, strong nose, distributed training
a: Renounce Religion


You were on level 4 of the Dungeon.
You worshipped Kikubaaqudgha.
Kikubaaqudgha was noncommittal.
You visited 1 branch of the dungeon, and saw 4 of its levels.

You collected 120 gold pieces.

Inventory:

Hand Weapons
 b - a +0 dagger (weapon)
 p - a +0 war axe
Missiles
 g - 65 stones
 k - 17 sling bullets
 n - 22 bolts
 q - 22 arrows
Armour
 e - a +0 scale mail
 f - a +0 leather armour (worn)
 o - a +0 buckler
Jewellery
 d - a ring of protection from cold (left hand)
 t - a ring of resist corrosion (right hand)
Scrolls
 a - 2 scrolls of amnesia {unknown}
 h - 3 scrolls of identify {unknown}
 j - a scroll of enchant armour {unknown}
 r - a scroll of fear {unknown}
Potions
 c - a potion of heal wounds {unknown}
 i - 2 potions of attraction {unknown}
 l - a potion of might {unknown}
 m - a potion of flight {unknown}
 s - a potion of curing


   Skills:
 + Level 1.5 Fighting
 + Level 1.5 Short Blades
 + Level 1.5 Long Blades
 + Level 1.5 Axes
 + Level 1.5 Maces & Flails
 + Level 1.5 Polearms
 + Level 1.5 Staves
 + Level 1.5 Slings
 + Level 1.5 Bows
 + Level 1.5 Crossbows
 + Level 1.5 Throwing
 + Level 1.5 Armour
 + Level 4.8 Dodging
 + Level 4.4 Stealth
 + Level 1.5 Shields
 + Level 1.5 Unarmed Combat
 + Level 5.2 Spellcasting
 + Level 1.2 Conjurations
 + Level 1.2 Hexes
 + Level 1.2 Summonings
 + Level 7.2 Necromancy
 + Level 1.2 Translocations
 + Level 1.2 Transmutations
 + Level 1.2 Fire Magic
 + Level 1.2 Ice Magic
 + Level 1.2 Air Magic
 + Level 1.2 Earth Magic
 + Level 1.2 Poison Magic
 + Level 1.7 Invocations
 + Level 1.5 Evocations


You had 12 spell levels left.
You knew the following spells:

 Your Spells              Type           Power      Damage    Failure   Level
a - Pain                  Necr           92%        1d8       1%          1
b - Animate Skeleton      Necr           46%        N/A       1%          1

Your spell library contained the following spells:

 Spells                   Type           Power      Damage    Failure   Level
 Vampiric Draining        Necr           11%        2d7       3%          3
 Animate Dead             Necr           11%        N/A       12%         4
 Agony                    Necr           23%        N/A       34%         5


Dungeon Overview and Level Annotations

Branches:
Dungeon (4/15)
 Temple: D:4-7

Altars:
Kikubaaqudgha
Trog


Innate Abilities, Weirdness & Mutations

You have very sharp teeth.
Your uncanny sense of smell can sniff out nearby items.
Your experience applies equally to all skills.


Message History

Your kobold skeleton hits the kobold with a +0 club.
Casting: Animate Skeleton (safe; 1% risk of failure)
Confirm with . or Enter, or press ? or * to list all spells.
Aiming: Pain (safe; 1% risk of failure)
Press: ? - help, Shift-Dir - straight line, f - kobold
Aim: a kobold, wielding a +0 club (heavily wounded, ally target, chance to affect: 92%)
The kobold writhes in agony.
The kobold closely misses you.
Your kobold skeleton barely misses the kobold.
Your kobold skeleton closely misses the kobold.
Casting: Pain (safe; 1% risk of failure)
Confirm with . or Enter, or press ? or * to list all spells.
Aiming: Pain (safe; 1% risk of failure)
Press: ? - help, Shift-Dir - straight line, f/p - kobold
Aim: a kobold, wielding a +0 club (severely wounded, ally target, chance to affect: 92%)
The kobold writhes in agony!
You kill the kobold!
Kikubaaqudgha accepts your kill.
The kobold brigand throws a curare-tipped dart.
The curare-tipped dart closely misses you.
Casting: Pain (safe; 1% risk of failure)
Confirm with . or Enter, or press ? or * to list all spells.
Aiming: Pain (safe; 1% risk of failure)
Press: ? - help, Shift-Dir - straight line, f - kobold brigand
Aim: a kobold brigand, wielding a +0 battleaxe and quivering curare-tipped darts (chance to affect: 83%)
The kobold brigand writhes in agony.
The kobold brigand hits you with a +0 battleaxe.
* * * LOW HITPOINT WARNING * * *
The kobold brigand hits your kobold skeleton with a +0 battleaxe.
The kobold brigand hits your kobold skeleton with a +0 battleaxe!
Your kobold skeleton is destroyed!
Casting: Pain (safe; 1% risk of failure)
Confirm with . or Enter, or press ? or * to list all spells.
Aiming: Pain (safe; 1% risk of failure)
Press: ? - help, Shift-Dir - straight line, f/p - kobold brigand
Aim: a kobold brigand, wielding a +0 battleaxe and quivering curare-tipped darts (moderately wounded, ally target, chance to affect: 83%)
The kobold brigand writhes in agony.
Your kobold skeleton hits the kobold brigand with a +0 club.
The kobold brigand hits you with a +0 battleaxe!
You die...
Kikubaaqudgha rasps: "You have failed me!
Welcome... death!"

#.#.#.# #.#.#.# #.#.#.# ##
#<#...# #≈≈.############.#...#
##≈≈.....##.......#...####
#..#≈≈≈≈###.##Z@.......#....##..
#.K#≈≈ #....)K..#..............
#.K#≈≈ #.#....#....####..####.
.K##≈ #.#.....[..## #...# #..#≈
#.#......#.# #.#.#
#..#≈###......#[#.# #.#.##
#.#..##....#....#.#.#####.#..##.#
#.......##.#....#.#.##.........>#
##....####.#....#.#.....#.......#


You could see a kobold brigand (ally target) and a friendly kobold skeleton.

Vanquished Creatures
  A scorpion (D:4)
  An iguana (D:4)
  3 adders
  A worm (D:4)
  An orc (D:3)
  5 ball pythons
  6 endoplasms
  2 giant cockroaches
  5 goblins
  3 hobgoblins
  3 jackals (D:4)
  4 quokkas
  3 bats
  11 kobolds
  5 rats
54 creatures vanquished.

Vanquished Creatures (collateral kills)
  A ball python (D:4)
  A jackal (D:4)
2 creatures vanquished.

Grand Total: 56 creatures vanquished

Notes
Turn   | Place    | Note
-------+----------+-------------------------------------------
     0 | D:1      | dolemite99 the Gnoll Necromancer began the quest for the
                  | Orb.
     0 | D:1      | Reached XP level 1. HP: 13/13 MP: 6/6
   181 | D:1      | Reached XP level 2. HP: 9/19 MP: 4/7
   860 | D:1      | Learned a level 1 spell: Animate Skeleton
  1026 | D:2      | Reached XP level 3. HP: 23/25 MP: 7/9
  1171 | D:2      | Reached skill level 5 in Spellcasting
  1560 | D:2      | Reached skill level 1 in Invocations
  1770 | D:2      | Found a faded altar of an unknown god.
  1826 | D:3      | Reached skill level 1 in Fighting
  1826 | D:3      | Reached skill level 1 in Short Blades
  1826 | D:3      | Reached skill level 1 in Long Blades
  1826 | D:3      | Reached skill level 1 in Axes
  1826 | D:3      | Reached skill level 1 in Maces & Flails
  1826 | D:3      | Reached skill level 1 in Polearms
  1826 | D:3      | Reached skill level 1 in Staves
  1826 | D:3      | Reached skill level 1 in Slings
  1826 | D:3      | Reached skill level 1 in Bows
  1826 | D:3      | Reached skill level 1 in Crossbows
  1826 | D:3      | Reached skill level 1 in Throwing
  1826 | D:3      | Reached skill level 1 in Armour
  1826 | D:3      | Reached skill level 1 in Shields
  1826 | D:3      | Reached skill level 1 in Unarmed Combat
  1826 | D:3      | Reached skill level 1 in Evocations
  1856 | D:3      | Found an ancient bone altar of Kikubaaqudgha.
  1863 | D:3      | Became a worshipper of Kikubaaqudgha
  2025 | D:3      | Reached XP level 4. HP: 31/32 MP: 9/11
  2391 | D:3      | Found a bloodstained altar of Trog.
  2461 | D:4      | Noticed a scorpion
  2469 | D:4      | Killed a scorpion
  2470 | D:4      | Reached skill level 1 in Conjurations
  2470 | D:4      | Reached skill level 1 in Hexes
  2470 | D:4      | Reached skill level 1 in Summonings
  2470 | D:4      | Reached skill level 1 in Translocations
  2470 | D:4      | Reached skill level 1 in Transmutations
  2470 | D:4      | Reached skill level 1 in Fire Magic
  2470 | D:4      | Reached skill level 1 in Ice Magic
  2470 | D:4      | Reached skill level 1 in Air Magic
  2470 | D:4      | Reached skill level 1 in Earth Magic
  2470 | D:4      | Reached skill level 1 in Poison Magic
  2470 | D:4      | Reached XP level 5. HP: 32/37 MP: 6/12
  2875 | D:4      | Noticed a kobold brigand
  2882 | D:4      | Slain by a kobold brigand

Illustrated notes

Levels and vault maps discovered:
D:1:      dpeg_arrival_three_bigger_balls, layout_basic, hangedman_decor_lopped
D:2:      layout_basic, dreamdust_ecumenical_altar_drowned_temple
D:3:      layout_basic, kiku_gazebo_garden_becter, mainiacjoe_overflow_24_doors
D:4:      cheibrodos_thug_alley, layout_basic

Skill      XL: |  1  2  3  4 |
---------------+-------------+-----
Spellcasting   | 5 |  5.2
Invocations    | 1 |  1.7
Fighting       | 1 |  1.5
Short Blades   | 1 |  1.5
Long Blades    | 1 |  1.5
Axes           | 1 |  1.5
Maces & Flails | 1 |  1.5
Polearms       | 1 |  1.5
Staves         | 1 |  1.5
Slings         | 1 |  1.5
Bows           | 1 |  1.5
Crossbows      | 1 |  1.5
Throwing       | 1 |  1.5
Armour         | 1 |  1.5
Shields        | 1 |  1.5
Unarmed Combat | 1 |  1.5
Evocations     | 1 |  1.5
Conjurations   | 1 |  1.2
Hexes          | 1 |  1.2
Summonings     | 1 |  1.2
Translocations | 1 |  1.2
Transmutations | 1 |  1.2
Fire Magic     | 1 |  1.2
Ice Magic      | 1 |  1.2
Air Magic      | 1 |  1.2
Earth Magic    | 1 |  1.2
Poison Magic   | 1 |  1.2
Dodging        | |  4.8
Stealth        | |  4.4
Necromancy     | |  7.2

Action                   |  1- 3 |  4- 6 || total
-------------------------+-------+-------++-------
Melee: Dagger            |       |     4 ||     4
 Cast: Pain              |    53 |    45 ||    98
       Animate Skeleton  |     5 |     6 ||    11
Armor: Leather armour    |     2 |     4 ||     6
Dodge: Dodged            |    10 |    16 ||    26

Table legend: (Time is in decaauts)
 A = Elapsed time spent in this place.
 B = Non-inter-level travel time spent in this place.
 C = Inter-level travel time spent in this place.
 D = Time resting spent in this place.
 E = Time spent auto-exploring this place.
 F = Levels seen in this place.
 G = Mean time per level.
                   A        B        C        D        E       F      G
               +--------+--------+--------+--------+--------+-----+--------+
         Total |   2881 |   2844 |     37 |    589 |   1496 |   4 |  720.2 |
       Dungeon |   2881 |   2844 |     37 |    589 |   1496 |   4 |  720.2 |
               +--------+--------+--------+--------+--------+-----+--------+

Top non-repeatable levels by time:
     D:1: 1023 daAuts
     D:2: 786 daAuts
     D:3: 650 daAuts
     D:4: 422 daAuts
